 Dungeon Crawl Stone Soup version 0.28-a0-1286-g6bde065e89 (webtiles) character file.

Game seed: 7179085048609755281

209 browni3141 the Nimble (level 5, -3/43 HPs)
             Began as a Gnoll Wanderer on Dec 26, 2021.
             Succumbed to an orc's poison
             ... on level 3 of the Dungeon.
             The game lasted 00:13:30 (4614 turns).

browni3141 the Nimble (Gnoll Wanderer)              Turns: 4614, Time: 00:13:30

Health: -3/43      AC:  3    Str: 10    XL:     5   Next: 87%
Magic:  7/14       EV: 13    Int: 10    God:
Gold:   89         SH:  0    Dex: 16    Spells: 14/18 levels left

rFire   . . .      SeeInvis .   a - +0 war axe
rCold   . . .      Faith    .   l - +0 kite shield
rNeg    . . .      Spirit   +   e - +0 leather armour
rPois   .          Reflect  .   (no helmet)
rElec   .          Harm     .   (no cloak)
rCorr   .          Rampage  .   (no gloves)
Will    .....                   (no boots)
Stlth   +.........              j - amulet of guardian spirit
HPRegen 0.14/turn               (no ring)
MPRegen 0.14/turn               (no ring)

@: confused, mighty, lethally poisoned (-3 -> -27)
A: fangs 1, strong nose, distributed training
a: no special abilities


You were on level 3 of the Dungeon.
You visited 2 branches of the dungeon, and saw 5 of its levels.

You collected 89 gold pieces.

Inventory:

Hand Weapons
 a - a +0 war axe (weapon)
 b - a +0 hunting sling
 i - a +0 mace
 o - a +0 flail
 t - a +0 dagger
 w - a +0 hand axe
Missiles
 d - 127 stones
 p - 10 arrows
 u - a throwing net (quivered)
Armour
 e - a +0 leather armour (worn)
 l - a +0 kite shield (worn)
Jewellery
 j - an amulet of guardian spirit (around neck)
Scrolls
 f - a scroll of fog {unknown}
 g - 2 scrolls of teleportation
 k - 2 scrolls of fear {unknown}
 q - 2 scrolls of immolation {unknown}
 s - a scroll of silence {unknown}
 v - 2 scrolls of identify
Potions
 c - a potion of cancellation
 m - a potion of brilliance
 n - a potion of mutation {unknown}
 r - a potion of haste {unknown}


   Skills:
 + Level 4.8 Fighting
 + Level 1.6 Short Blades
 + Level 1.6 Long Blades
 + Level 1.6 Axes
 + Level 1.6 Maces & Flails
 + Level 1.6 Polearms
 + Level 1.6 Staves
 + Level 1.6 Slings
 + Level 1.6 Bows
 + Level 1.6 Crossbows
 + Level 1.6 Throwing
 + Level 1.6 Armour
 + Level 8.7 Dodging
 + Level 1.6 Stealth
 + Level 3.1 Shields
 + Level 1.6 Unarmed Combat
 + Level 7.3 Spellcasting
 + Level 1.3 Conjurations
 + Level 1.3 Hexes
 + Level 1.3 Summonings
 + Level 1.3 Necromancy
 + Level 1.3 Translocations
 + Level 1.3 Transmutations
 + Level 1.3 Fire Magic
 + Level 1.3 Ice Magic
 + Level 1.3 Air Magic
 + Level 1.3 Earth Magic
 + Level 1.3 Poison Magic
 + Level 1.9 Invocations
 + Level 1.6 Evocations


You had 14 spell levels left.
You knew the following spells:

 Your Spells              Type           Power      Damage    Failure   Level
a - Sandblast             Erth           12%        2d6       54%         1
b - Stone Arrow           Conj/Erth      12%        3d7       89%         3

Your spell library contained the following spells:

 Spells                   Type           Power      Damage    Failure   Level
 Dazzling Flash           Conj/Hex       12%        N/A       89%         3
 Agony                    Necr           6%         N/A       100%        5
 Silence                  Hex/Air        3%         N/A       100%        5


Dungeon Overview and Level Annotations

Branches:
Dungeon (4/15)             Temple (1/1) D:4

Altars:
Cheibriados
Elyvilon
Fedhas
Hepliaklqana
Kikubaaqudgha
Nemelex Xobeh
Qazlal
Ru
Yredelemnul
Zin
The Shining One
Lugonu

Shops:
D:3 *

Annotations:
D:3 Sigmund
D:4 Menkaure


Innate Abilities, Weirdness & Mutations

You have very sharp teeth.
Your uncanny sense of smell can sniff out nearby items.
Your experience applies equally to all skills.


Message History

You are more confused.
Unknown command.
You feel very sick. The orc closely misses you.
Unknown command.
You barely miss the orc.
The orc is almost dead.
You closely miss the orc wizard.
You feel very sick. The orc misses you.
The orc wizard points at you and mumbles some strange words.
The magic dart hits you!
The orc hits you with a +1 dagger of venom.
You are more poisoned.
Unknown command.
Okay, then.
You feel very mighty all of a sudden.
You feel very sick.
The orc wizard hits you with a +0 dagger.
* * * LOW HITPOINT WARNING * * *
The orc hits you with a +1 dagger of venom.
* * * LOW HITPOINT WARNING * * *
You are lethally poisoned!
You miss the orc wizard.
The orc wizard is lightly wounded.
You miss the orc.
* * * LOW HITPOINT WARNING * * *
You feel very sick.
The orc wizard hits you with a +0 dagger.
* * * LOW HITPOINT WARNING * * *
The orc hits you with a +1 dagger of venom.
* * * LOW HITPOINT WARNING * * *
The orc wizard misses you.
The orc hits you with a +1 dagger of venom.
You are more poisoned.
Unknown command.
You miss the orc.
The orc is almost dead.
You closely miss the orc wizard.
You die...

...........#..≈≈≈..#..######...[.
.......####.#######.#.#### #.###.
.#.................##....# #.###.
....###..................###.....
###...########...........##......
# ###..# #..#........#....... #
#### #...................
..####)o.................
#......o@........#....... ∆ ∆
.......##).......#....... #######
##>.......#...... ∆
#†........#..... ##......#....###
#####.##.....# #..#.....#
##......♣♣ #.......♣


You could see an orc wizard and an orc.

Vanquished Creatures
  A hound (D:2)
  An orc wizard (D:3)
  A hound skeleton (D:4)
  5 adders
  A gnoll (D:1)
  2 worms
  2 dart slugs
  3 orcs
  6 endoplasms
  3 giant cockroaches
  5 goblins
  10 hobgoblins
  6 jackals
  6 kobolds
  2 quokkas
  4 ball pythons
  7 bats
  A frilled lizard (D:2)
  7 rats
73 creatures vanquished.

Notes
Turn   | Place    | Note
-------+----------+-------------------------------------------
     0 | D:1      | browni3141 the Gnoll Wanderer began the quest for the Orb.
     0 | D:1      | browni3141 set off with the following items: a +0 dagger, 3
                  | throwing nets, a +0 buckler, 29 stones, a +0 leather
                  | armour; and the following spell memorised: Sandblast; and
                  | the following spells available to memorise: Stone Arrow
     0 | D:1      | Reached XP level 1. HP: 20/20 MP: 8/8
   419 | D:1      | Reached XP level 2. HP: 13/26 MP: 3/10
  1469 | D:1      | Reached XP level 3. HP: 31/31 MP: 6/11
  1957 | D:2      | Reached skill level 1 in Invocations
  2133 | D:2      | Reached skill level 1 in Short Blades
  2133 | D:2      | Reached skill level 1 in Long Blades
  2133 | D:2      | Reached skill level 1 in Axes
  2133 | D:2      | Reached skill level 1 in Maces & Flails
  2133 | D:2      | Reached skill level 1 in Polearms
  2133 | D:2      | Reached skill level 1 in Staves
  2133 | D:2      | Reached skill level 1 in Slings
  2133 | D:2      | Reached skill level 1 in Bows
  2133 | D:2      | Reached skill level 1 in Crossbows
  2133 | D:2      | Reached skill level 1 in Throwing
  2133 | D:2      | Reached skill level 1 in Armour
  2133 | D:2      | Reached skill level 1 in Stealth
  2133 | D:2      | Reached skill level 1 in Unarmed Combat
  2133 | D:2      | Reached skill level 1 in Evocations
  2229 | D:2      | Reached XP level 4. HP: 38/38 MP: 13/13
  2291 | D:2      | Learned a level 3 spell: Stone Arrow
  2954 | D:3      | Noticed Sigmund
  3064 | D:2      | Reached skill level 1 in Conjurations
  3064 | D:2      | Reached skill level 1 in Hexes
  3064 | D:2      | Reached skill level 1 in Summonings
  3064 | D:2      | Reached skill level 1 in Necromancy
  3064 | D:2      | Reached skill level 1 in Translocations
  3064 | D:2      | Reached skill level 1 in Transmutations
  3064 | D:2      | Reached skill level 1 in Fire Magic
  3064 | D:2      | Reached skill level 1 in Ice Magic
  3064 | D:2      | Reached skill level 1 in Air Magic
  3064 | D:2      | Reached skill level 1 in Earth Magic
  3064 | D:2      | Reached skill level 1 in Poison Magic
  3064 | D:2      | Reached XP level 5. HP: 29/43 MP: 3/14
  3193 | D:3      | Found a sacrificial altar of Ru.
  3292 | D:3      | Found Pyfirr Vics's Assorted Antiques.
  3392 | D:3      | You fall into a shaft and drop 1 floor!
  3713 | D:3      | Found a glowing silver altar of Zin.
  4327 | D:4      | Noticed Menkaure
  4366 | D:4      | Found a staircase to the Ecumenical Temple.
  4373 | Temple   | Entered the Ecumenical Temple
  4498 | D:4      | Noticed an ogre
  4614 | D:3      | Succumbed to an orc's poison

Illustrated notes

Levels and vault maps discovered:
D:1:      roderic_crossed_star, layout_basic
D:2:      kennysheep_six_static_rooms, layout_basic
D:3:      layout_rooms, nicolae_ru_awakened_eye, zin_academy,
          amcnicky_altar_gilded, hellmonk_ecumenical_altar_zigzags,
          serial_shops, nicolae_shop_hallway_stairs, uniq_sigmund,
          uniq_crazy_yiuf_cottage
D:4:      layout_cave_pods, dancing_weapons_uskayaw, minmay_temple_entry_mist,
          uniq_menkaure
Temple:   corrupted_temple

Skill      XL: |  1  2  3  4  5 |
---------------+----------------+-----
Invocations    | 1 |  1.9
Short Blades   | 1 |  1.6
Long Blades    | 1 |  1.6
Axes           | 1 |  1.6
Maces & Flails | 1 |  1.6
Polearms       | 1 |  1.6
Staves         | 1 |  1.6
Slings         | 1 |  1.6
Bows           | 1 |  1.6
Crossbows      | 1 |  1.6
Throwing       | 1 |  1.6
Armour         | 1 |  1.6
Stealth        | 1 |  1.6
Unarmed Combat | 1 |  1.6
Evocations     | 1 |  1.6
Conjurations   | 1 |  1.3
Hexes          | 1 |  1.3
Summonings     | 1 |  1.3
Necromancy     | 1 |  1.3
Translocations | 1 |  1.3
Transmutations | 1 |  1.3
Fire Magic     | 1 |  1.3
Ice Magic      | 1 |  1.3
Air Magic      | 1 |  1.3
Earth Magic    | 1 |  1.3
Poison Magic   | 1 |  1.3
Shields        | 3 |  3.1
Fighting       | |  4.8
Dodging        | |  8.7
Spellcasting   | |  7.3

Action                   |  1- 3 |  4- 6 || total
-------------------------+-------+-------++-------
Melee: Dagger            |    98 |       ||    98
       Bite              |     9 |    13 ||    22
       Mace              |    45 |    31 ||    76
       Flail             |       |    63 ||    63
       War axe           |       |    31 ||    31
       Hand axe          |       |    11 ||    11
Throw: Throwing net      |       |     2 ||     2
 Cast: Sandblast         |    26 |    12 ||    38
  Use: Scroll            |       |     5 ||     5
       Potion            |       |     1 ||     1
 Stab: Sleeping          |     4 |     2 ||     6
Armor: Leather armour    |    45 |    25 ||    70
Dodge: Dodged            |   143 |   140 ||   283
Block: Buckler           |    44 |       ||    44
       Kite shield       |       |   102 ||   102

Table legend: (Time is in decaauts)
 A = Elapsed time spent in this place.
 B = Non-inter-level travel time spent in this place.
 C = Inter-level travel time spent in this place.
 D = Time resting spent in this place.
 E = Time spent auto-exploring this place.
 F = Levels seen in this place.
 G = Mean time per level.
                   A        B        C        D        E       F      G
               +--------+--------+--------+--------+--------+-----+--------+
         Total |   4724 |   4436 |    288 |    899 |   1956 |   5 |  944.8 |
       Dungeon |   4610 |   4332 |    278 |    899 |   1862 |   4 | 1152.5 |
        Temple |    114 |    104 |     10 |      0 |     94 |   1 |  114.0 |
               +--------+--------+--------+--------+--------+-----+--------+

Top non-repeatable levels by time:
     D:1: 1964 daAuts
     D:2: 1516 daAuts
     D:3: 649 daAuts
     D:4: 479 daAuts
  Temple: 114 daAuts
